[Event "Early-Titled-Tuesday-Blitz-March-05-2024"]
[Site "Chess.com"]
[Date "2024.03.05"]
[Round "6"]
[White "matagordo"]
[Black "MaxLeto"]
[Result "1-0"]
[WhiteElo "2251"]
[BlackElo "2458"]
[TimeControl "180+1"]
[EndTime "9:09:24 PST"]
[Termination "matagordo won on time"]

1. d4 h6 2. Bf4 g6 3. Nc3 a6 4. e4 b6 5. Nf3 Bb7 6. Qd2 Bg7 7. h4 d6 8. O-O-O e6 9. Bd3 Nd7 10. g4 Ne7 11. Rhe1 Nc6 12. Be3 b5 13. Kb1 Na5 14.
Ng1 Nb6 15. Nce2 Nac4 16. Qc1 Qxh4 17. Nf3 Qxg4 18. Nh2 Qg2 19. Nf4 Qxh2 20. Rh1 Qxh1 21. Rxh1 Nxe3 22. Qxe3 Nd7 23. c4 bxc4 24. Bxc4 c5 25.
dxc5 Nxc5 26. f3 Rb8 27. Nd3 Na4 28. Bb3 Bc6 29. Qa7 O-O 30. Rd1 Bb5 31. Bxa4 Bxa4 32. b3 Bb5 33. Nf2 Rfd8 34. Rxd6 Rxd6 35. Qxb8+ Bf8 36.
Ng4 Rd2 37. Qe5 1-0

[Event "Early-Titled-Tuesday-Blitz-March-05-2024"]
[Site "Chess.com"]
[Date "2024.03.05"]
[Round "6"]
[White "rikchessmx"]
[Black "ccccvhhhj"]
[Result "1-0"]
[WhiteElo "2296"]
[BlackElo "2473"]
[TimeControl "180+1"]
[EndTime "9:09:27 PST"]
[Termination "rikchessmx won by checkmate"]

1. e4 e6 2. d4 d5 3. Nc3 Bb4 4.
e5 c5 5. a3 Bxc3+ 6. bxc3 Ne7 7. Qg4 Kf8 8. Nf3 Qa5 9. Bd2 Qa4 10. Ra2 Nbc6 11. Qf4 b6 12. Bd3 Ba6 13. Ng5 Nd8 14.
O-O Bxd3 15. cxd3 h6 16. Nf3 c4 17. Qe3 Nf5 18. Qe2 Rc8 19. g4 Ne7 20. Nh4 Ke8 21. f4 cxd3 22. Qxd3 Qc4 23. Qb1 Ndc6 24. f5 Kd7 25. a4 Qe2 26. h3 Qc4 27. Be1 h5 28. g5 Nxe5 29. dxe5 Kc7 30. a5 b5 31. fxe6 fxe6 32.
Rf7 Kb8 33. Qb4 Qxb4 34. cxb4 Nc6 35. Ng6 Rhe8 36. h4 Nd4 37. Bf2 Rc1+ 38. Kg2 Nc6 39. Bc5 d4 40. Rd2 Rd8 41. Rxg7 d3 42. Ne7 Nxe5 43. Kg3 Rc2 44. Be3 Ng4 45. Rxc2 dxc2 46.
Bf4+ Ka8 47. Nc6 e5 48. Rxa7# 1-0

[Event "Early-Titled-Tuesday-Blitz-March-05-2024"]
[Site "Chess.com"]
[Date "2024.03.05"]
[Round "6"]
[White "Incognito_Knight"]
[Black "Jumbo"]
[Result "0-1"]
[WhiteElo "2716"]
[BlackElo "2935"]
[TimeControl "180+1"]
[EndTime "9:09:28 PST"]
[Termination "Jumbo won on time"]

1. e4 c5 2. d4 cxd4 3. Qxd4 Nc6 4. Qd3 Nf6 5. Nc3 g6 6. Nf3 Bg7 7. Be2 O-O 8. O-O d6 9. Nd5 Ng4 10. c3 e6 11. Ne3 Nf6 12. Rd1 Qc7 13. Qxd6 Qxd6 14. Rxd6 Nxe4 15. Rd1 b6 16. Nd2 Nf6 17. Ndc4 Ba6 18. Bf3 Rac8 19. Nd6 Rc7 20. Nec4 Nd5 21. Bg5 Rd7 22. a4 h6 23. Bh4 g5 24. Bg3 Rfd8 25. h4 gxh4 26. Bh2 Nce7 27. Nb5 Ng6 28. Ncd6 Bf8 29. Ne4 Be7 30. Rd4 f5 31. Nd2 Bc5 32. Rd3 e5 33. Rxd5 Rxd5 34. Bxd5+ Rxd5 35. Nc4 f4 36.
g3 hxg3 37. Kg2 gxh2 38. Kxh2 Kg7 39. Rg1 Kf6 40. Rf1 Bxb5 41. axb5 e4 42. Kg2 Kf5 43.
Rh1 f3+ 44. Kg3 Bd6+ 45. Kh3 Bf4 0-1

[Event "Early-Titled-Tuesday-Blitz-March-05-2024"]
[Site "Chess.com"]
[Date "2024.03.05"]
[Round "6"]
[White "moro182"]
[Black "BilodeauA"]
[Result "0-1"]
[WhiteElo "2830"]
[BlackElo "3004"]
[TimeControl "180+1"]
[EndTime "9:09:29 PST"]
[Termination "BilodeauA won by checkmate"]

1. d4 d5 2. Bf4 Nf6 3. e3 e6 4. Nf3 Bd6 5. Nbd2 O-O 6. Bd3 Nc6 7. c3 Qe7 8. Ne5 Nd7 9. Ndf3 f6 10. Nxc6 bxc6 11.
Bxd6 cxd6 12. e4 dxe4 13. Bxe4 d5 14. Bc2 e5 15. O-O e4 16. Nd2 f5 17. c4 Nf6 18.
Re1 f4 19. cxd5 cxd5 20. Bb3 Kh8 21. Rc1 Qb4 22. Nf1 a5 23. Rc5 Be6 24. a3 Qb6 25. a4 Rfb8 26. Rb5 Qd6 27. Qd2 h6 28. Rc1 Bd7 29.
Rxb8+ Rxb8 30. Bd1 g5 31. Rc5 e3 32. fxe3 Ne4 33.
Qxa5 Nxc5 34. dxc5 Qe5 35. Qa7 Bc6 36. Bc2 Rb7 37.
Qa8+ Kg7 38. Qc8 Rc7 39. Qd8 fxe3 40. Ng3 e2 41. Nf5+ Kf7 42. Nd6+ Qxd6 43. Bg6+ Kg7 44.
Qxd6 e1=Q# 0-1

[Event "Early-Titled-Tuesday-Blitz-March-05-2024"]
[Site "Chess.com"]
[Date "2024.03.05"]
[Round "6"]
[White "atbenina64"]
[Black "TitarovVasiliYouTube"]
[Result "1-0"]
[WhiteElo "2733"]
[BlackElo "2520"]
[TimeControl "180+1"]
[EndTime "9:09:29 PST"]
[Termination "atbenina64 won on time"]

1. Nf3 Nf6 2. c4 e6 3. g3 d5 4. Bg2 Be7 5. O-O O-O 6. b3 c5 7.
cxd5 Nxd5 8. Bb2 Bf6 9. d4 cxd4 10. Nxd4 Nc6 11. Nxc6 bxc6 12. Qc1 Ba6 13. Bf3 c5 14.
Nd2 Rc8 15. Rd1 Qa5 16. Bxf6 Nxf6 17. Nc4 Bxc4 18. Qxc4 Rfd8 19. a4 h6 20. Rxd8+ Rxd8 21. Rc1 Rc8 22. Qb5 Qb6 23. b4 Qxb5 24. axb5 c4 25.
Bc6 Nd5 26. Rxc4 Nb6 27. Rc2 Kf8 28. Ra2 Rc7 29. e4 Ke7 30. Kg2 Nc4 31. f4 Nb6 32. Kf3 f6 33. e5 fxe5 34. fxe5 Nc4 35. Ke4 Nb6 36. g4 Nc4 37. h4 Nb6 38. g5 hxg5 39.
hxg5 Nc4 40. g6 Nb6 41. Rf2 1-0

[Event "Early-Titled-Tuesday-Blitz-March-05-2024"]
[Site "Chess.com"]
[Date "2024.03.05"]
[Round "6"]
[White "Louis-Paulsen-Fan"]
[Black "Der_Balak_3Halak"]
[Result "1-0"]
[WhiteElo "2238"]
[BlackElo "2452"]
[TimeControl "180+1"]
[EndTime "9:09:30 PST"]
[Termination "Louis-Paulsen-Fan won by checkmate"]

1. d4 d5 2. Nf3 Nf6 3. c4 c6 4.
Nc3 e6 5. Bg5 Be7 6. e3 O-O 7.
Bd3 dxc4 8. Bxc4 b5 9. Bb3 a5 10. O-O a4 11. Bc2 a3 12. b3 h6 13. Bh4 b4 14.
Ne2 Ba6 15. Re1 Nd5 16. Bg3 c5 17. Bd3 Nc6 18. Rc1 Qa5 19. e4 Nf6 20. d5 exd5 21. exd5 Rfd8 22. Nf4 Bxd3 23. Qxd3 Bd6 24. Qc4 Bxf4 25.
Bxf4 Nxd5 26. Bd2 Nc3 27. Bxc3 bxc3 28. Rxc3 Nb4 29. Ne5 Ra7 30. h3 Nxa2 31. Rce3 Re8 32. Nxf7 Rxe3 33. Ng5+ Kh8 34. Nf7+ Kh7 35. Rxe3 Rxf7 36.
Qxf7 Nc3 37. Re7 Ne2+ 38. Kf1 Qc3 39. Kxe2 Qb2+ 40. Kf3 a2 41. Qf5+ Kg8 42. Re8# 1-0

[Event "Early-Titled-Tuesday-Blitz-March-05-2024"]
[Site "Chess.com"]
[Date "2024.03.05"]
[Round "6"]
[White "Dyadya81"]
[Black "MITerryble"]
[Result "1/2-1/2"]
[WhiteElo "2887"]
[BlackElo "3029"]
[TimeControl "180+1"]
[EndTime "9:09:32 PST"]
[Termination "Game drawn by repetition"]

1. e4 e6 2. d4 d5 3. exd5 exd5 4. Nf3 Nc6 5. c3 Bd6 6. Bd3 Bg4 7. h3 Bh5 8. O-O Nge7 9. Nbd2 f6 10. Qc2 Bg6 11. Re1 O-O 12. Nf1 Qd7 13. Bd2 Bxd3 14.
Qxd3 Qf5 15. Qxf5 Nxf5 16. Ne3 Nxe3 17. Rxe3 Kf7 18. Rae1 b5 19. Nh4 g6 20. g4 a5 21.
Ng2 a4 22. Rf3 Rfe8 23. Kf1 Rxe1+ 24. Kxe1 Na5 25. Bg5 Re8+ 26. Kd1 Re6 27. Ne3 c6 28. Bh4 Nc4 29. Kc2 Kg7 30. b3 Nb6 31. Bg3 Bxg3 32. Rxg3 Re8 33. Rg1 Kh6 34. h4 Kg7 35. Re1 Kf7 36. Rh1 Re4 37. Kd3 Re8 38. Kc2 Ra8 39. Kb2 Ra7 40. h5 Kg7 41. Rh3 Ra8 42. Rh1 Ra7 43.
Rh2 Ra8 44. Rh3 Nd7 45. Nc2 axb3 46. axb3 c5 47. hxg6 hxg6 48. Re3 Kf7 49. Rh3 Kg7 50. Re3 Kf7 51. Rh3 Kg7 1/2-1/2

[Event "Early-Titled-Tuesday-Blitz-March-05-2024"]
[Site "Chess.com"]
[Date "2024.03.05"]
[Round "6"]
[White "GMSrinath"]
[Black "Smoking_Crow"]
[Result "0-1"]
[WhiteElo "2798"]
[BlackElo "2634"]
[TimeControl "180+1"]
[EndTime "9:09:32 PST"]
[Termination "Smoking_Crow won by resignation"]

1. e4 e5 2. Nf3 Nc6 3. Bb5 Nf6 4. d3 Bc5 5. O-O d6 6. c3 O-O 7.
h3 Bb6 8. Bg5 h6 9. Bh4 g5 10. Bg3 Ne7 11. Nbd2 Ng6 12. Re1 Nh5 13. Bh2 Nhf4 14. d4 Qf6 15. Bf1 g4 16. hxg4 Bxg4 17.
Qa4 Kh8 18. Bg3 Rg8 19. Nh2 Be6 20. Ndf3 Rad8 21. Rad1 h5 22. Kh1 h4 23. Bxf4 Nxf4 24.
Qc2 Rde8 25. Qd2 Rg6 26. Re3 Reg8 27. Ne1 Bc8 28. Rf3 Qe7 29. Nd3 Nh5 30. Nb4 c6 31.
Nc2 Nf4 32. Ne3 Qf6 33. Nf5 Bxf5 34. exf5 Qxf5 35. Bd3 Qg5 36. g3 Nxd3 37. Qxd3 Qh5 38. g4 Rxg4 39. Nxg4 Qxg4 0-1

[Event "Early-Titled-Tuesday-Blitz-March-05-2024"]
[Site "Chess.com"]
[Date "2024.03.05"]
[Round "6"]
[White "stollenmonster"]
[Black "manitodeplomo"]
[Result "1/2-1/2"]
[WhiteElo "2884"]
[BlackElo "2714"]
[TimeControl "180+1"]
[EndTime "9:09:34 PST"]
[Termination "Game drawn by repetition"]

1. e4 e6 2. Nc3 c5 3. g3 a6 4. a4 Ne7 5. Bg2 Nec6 6. Nge2 Be7 7. d4 cxd4 8. Nxd4 O-O 9. O-O d6 10. Be3 Nxd4 11. Qxd4 Nc6 12. Qd3 Qc7 13. f4 Bd7 14. Rad1 Rac8 15. Kh1 Rfd8 16. g4 Be8 17. g5 Nb4 18. Qe2 b5 19. axb5 axb5 20. f5 Qc4 21. Qf2 Nxc2 22. Qxc2 b4 23. g6 bxc3 24. gxf7+ Bxf7 25.
bxc3 Qxc3 26. Qf2 Bf6 27. Bf4 exf5 28. exf5 d5 29. Rfe1 Qc2 30. Qxc2 Rxc2 31. Be5 d4 32. Bxf6 gxf6 33. Be4 Rc3 34. Rd2 Kf8 35. Bg2 Rc5 36. Rf1 Bb3 37. Kg1 Bc2 38. Rf4 Bxf5 39. Rfxd4 Rxd4 40. Rxd4 Bg6 41. Kf2 Ke7 42. Bf3 Rc7 43. Rb4 Kf7 44. Kg3 Kg7 45. Kf4 Kh6 46. h4 Rc5 47. Rb6 Kg7 48. Rb7+ Kh6 49. Rb6 Kg7 50. Rb7+ Kh6 51. Rb6 1/2-1/2

[Event "Early-Titled-Tuesday-Blitz-March-05-2024"]
[Site "Chess.com"]
[Date "2024.03.05"]
[Round "6"]
[White "Orest_Vovk"]
[Black "salzikis"]
[Result "1-0"]
[WhiteElo "2554"]
[BlackElo "2408"]
[TimeControl "180+1"]
[EndTime "9:09:34 PST"]
[Termination "Orest_Vovk won by resignation"]

1. h4 e5 2. h5 d5 3. h6 Nxh6 4. d4 e4 5. Bxh6 gxh6 6. e3 Bf5 7. c4 c6 8. Nc3 Be6 9. Qb3 Qb6 10. Nge2 Nd7 11.
Nf4 dxc4 12. Bxc4 Qxb3 13. axb3 Bxc4 14. bxc4 f5 15. Rh5 Bb4 16. Rxf5 O-O-O 17. Rxa7 Kb8 18. Ra4 c5 19. Rxb4 cxb4 20. Nxe4 Rhg8 21. Nf6 Nxf6 22.
Rxf6 Rgf8 23. Rxh6 Rf7 24. g3 Rc8 25. b3 Rc6 26. Rh5 Ra6 27. Rb5 Ra1+ 28. Ke2 Ka7 29. Rxb4 b6 30. Kf3 Ka6 31. c5 bxc5 32. dxc5 Rc1 33.
Rb6+ Ka5 34. b4+ Ka4 35. c6 Rc2 36. Rb7 Rf6 37. b5 Ka5 38. e4 Rc5 39. c7 Rb6 40. Ra7+ Kxb5 41. Nd5 Rbc6 42. Ke3 Kc4 43. f4 Rxd5 44.
exd5 Kxd5 45. c8=R Rxc8 46. Rxh7 Rc3+ 47. Kf2 Ke4 48. Re7+ Kf5 49. Re5+ Kf6 50. Ra5 Rb3 51. Kg2 Kg6 52. Kh3 Rb6 53. Kg4 Rc6 54. Rb5 Ra6 55.
Rh5 Rc6 56. f5+ Kg7 57. Kg5 Rc4 58. g4 Rc7 59. f6+ Kg8 60. Kg6 Rg7+ 61. Kf5 Rb7 62. g5 Rb5+ 63. Kg6 Rb7 64. f7+ Rxf7 65. Rh8+ Kxh8 66.
Kxf7 Kh7 67. g6+ Kh6 68. g7 Kg5 69. g8=Q+ 1-0

[Event "Early-Titled-Tuesday-Blitz-March-05-2024"]
[Site "Chess.com"]
[Date "2024.03.05"]
[Round "6"]
[White "isaak2009"]
[Black "Coach_Istvanovszki"]
[Result "1-0"]
[WhiteElo "2767"]
[BlackElo "2456"]
[TimeControl "180+1"]
[EndTime "9:09:35 PST"]
[Termination "isaak2009 won by resignation"]

1. d4 g6 2. e4 Bg7 3. Nc3 c5 4. Be3 Qa5 5. Nf3 Nf6 6. h3 Nxe4 7. Bd3 cxd4 8. Bxe4 dxe3 9. O-O exf2+ 10. Rxf2 O-O 11. Qd2 Nc6 12. Re1 e6 13. Bd3 d5 14.
Qd1 Bd7 15. h4 Rac8 16. h5 Nb4 17. hxg6 fxg6 18. Rfe2 Nxd3 19. cxd3 Bxc3 20. bxc3 Qxc3 21. d4 Rf4 22. Re3 Qc2 23. Qa1 Rcf8 24. Rc1 Qf5 25.
Rc7 Rf7 26. Rxb7 g5 27. Re5 Qf6 28. Rxg5+ Kh8 29. Qb2 h6 30. Rg3 Re4 31. Rb8+ Kh7 32. Qb1 Qf5 33. Qc1 Rf4 34. Qc7 Rg4 35. Rxg4 Qxg4 36.
Qd8 Rxf3 37. Qh8+ Kg6 38. Rg8+ Kh5 39. Rxg4 Re3 40. Rg7 Re4 41. Kh2 Bb5 42. Kg3 Bf1 43. Rh7 Re2 44. Rxh6+ Kg5 45. Qg7+ Kf5 46. Qf6+ Ke4 47.
Qxf1 Re3+ 48. Kf2 Rd3 49. Rh4+ Kf5 50. Ke2+ Kg5 51. Kxd3 1-0

[Event "Early-Titled-Tuesday-Blitz-March-05-2024"]
[Site "Chess.com"]
[Date "2024.03.05"]
[Round "6"]
[White "sathvikadiga"]
[Black "enriquebutti"]
[Result "1-0"]
[WhiteElo "2594"]
[BlackElo "2206"]
[TimeControl "180+1"]
[EndTime "9:09:36 PST"]
[Termination "sathvikadiga won by resignation"]

1. e4 c5 2. Nf3 d6 3. d4 cxd4 4. Nxd4 Nf6 5. Nc3 a6 6. Be2 e6 7.
Be3 Nbd7 8. f4 b5 9. Bf3 Bb7 10. a3 Rc8 11. O-O Rxc3 12. bxc3 Nxe4 13. Qe1 Qc7 14. f5 e5 15. Nb3 Be7 16. Bh6 gxh6 17. Bxe4 d5 18. Bf3 e4 19. Bh5 Nf6 20. Be2 Rg8 21. Nd4 Qe5 22. a4 Bd6 23. g3 h5 24.
Rf2 h4 25. Rg2 Bc5 26. axb5 Bxd4+ 27. cxd4 Qxd4+ 28. Kh1 h3 29. Rg1 e3 30. Bf3 Ne4 31.
Rf1 Nd2 32. bxa6 Bc6 33. a7 Nxf3 34. Rxf3 Qe4 35. Qxe3 d4 36. Qxe4+ Bxe4 37. Re1 Kd7 38. Rxe4 Ra8 39. Rxd4+ Kc6 40. Ra3 Kb6 41. Rb4+ Kc5 42. c3 Kd5 43. Ra6 Kc5 44. Rb8 Rxa7 45. Rxa7 Kc4 46.
Rxf7 Kxc3 47. Rxh7 Kd3 48. f6 1-0

[Event "Early-Titled-Tuesday-Blitz-March-05-2024"]
[Site "Chess.com"]
[Date "2024.03.05"]
[Round "6"]
[White "SmirnovTimofey2000"]
[Black "ritanovikova"]
[Result "1-0"]
[WhiteElo "1951"]
[BlackElo "2183"]
[TimeControl "180+1"]
[EndTime "9:09:37 PST"]
[Termination "SmirnovTimofey2000 won by resignation"]

1. d4 g6 2. e4 Bg7 3. Nc3 d6 4. Bf4 Nd7 5. Nf3 e5 6. dxe5 dxe5 7. Bg5 Bf6 8. Qd2 h6 9. Bxf6 Ngxf6 10. O-O-O Qe7 11.
Nd5 Nxd5 12. Qxd5 c6 13. Qa5 b6 14. Qc3 Bb7 15. Bc4 O-O 16. Qe3 Kg7 17. Rd2 b5 18. Bb3 c5 19. Bd5 Bxd5 20. Rxd5 f6 21. Rhd1 Rfd8 22.
Qa3 b4 23. Qa4 Nb6 24. Rxd8 Rxd8 25. Qc6 Rxd1+ 26. Kxd1 Qd7+ 27. Qxd7+ Nxd7 28. Kd2 Kf7 29. Kd3 Ke6 30. Nd2 Nb6 31. b3 Kd6 32. Nc4+ Nxc4 33.
Kxc4 Kc6 34. f3 f5 35. g3 a6 36. h3 h5 37. h4 Kd6 38. c3 bxc3 39. Kxc3 Kc6 40. Kc4 a5 41. a3 fxe4 42. fxe4 Kb6 43.
Kd5 Kb5 44. Kxe5 a4 45. bxa4+ Kc4 46. a5 Kd3 47. a6 c4 48. a7 c3 49. a8=Q c2 50. Qc8 Kd2 51. Kd5 c1=Q 52. Qxc1+ Kxc1 53. e5 Kb2 54. e6 1-0

[Event "Early-Titled-Tuesday-Blitz-March-05-2024"]
[Site "Chess.com"]
[Date "2024.03.05"]
[Round "6"]
[White "wonderfultime"]
[Black "Chessmissile07"]
[Result "1-0"]
[WhiteElo "3043"]
[BlackElo "2913"]
[TimeControl "180+1"]
[EndTime "9:09:38 PST"]
[Termination "wonderfultime won on time"]

1. d4 a6 2. e4 d5 3. exd5 Qxd5 4. c4 Qd8 5. Nf3 Nf6 6. Nc3 g6 7. Be2 Bg7 8. O-O O-O 9. h3 b6 10. Ne5 Bb7 11. Bf3 Qc8 12. Qe2 e6 13. Bf4 Nfd7 14. Bxb7 Qxb7 15. Nf3 Nc6 16. Rad1 Rae8 17. Bg3 e5 18.
dxe5 Ndxe5 19. Nd5 b5 20. cxb5 Qxb5 21. Qxb5 Nxf3+ 22. gxf3 axb5 23. Nxc7 Re2 24. Nxb5 Rxb2 25. a4 Ra2 26.
Rc1 Nd4 27. Nxd4 Bxd4 28. Rc4 Bf6 29. Rb1 h5 30. Rb6 Kg7 31. Rb7 h4 32. Bf4 g5 33.
Be3 Rd8 34. Kg2 Re8 35. Bc5 Re1 36. f4 gxf4 37. Rxf4 Ree2 38. Kf3 Rec2 39. Be3 Be5 40. Rfxf7+ Kg6 41. Rfe7 Bf6 42. Re6 Kf5 43. Ra6 Rc4 44.
Rb5+ Be5 45. Rh6 1-0

[Event "Early-Titled-Tuesday-Blitz-March-05-2024"]
[Site "Chess.com"]
[Date "2024.03.05"]
[Round "6"]
[White "Sharafiev_Azat"]
[Black "Mikasinski"]
[Result "1-0"]
[WhiteElo "2485"]
[BlackElo "2611"]
[TimeControl "180+1"]
[EndTime "9:09:38 PST"]
[Termination "Sharafiev_Azat won on time"]

1. Nf3 Nf6 2. c4 e6 3. Nc3 d5 4.
e3 Be7 5. b3 O-O 6. Bb2 b6 7.
cxd5 exd5 8. d4 c5 9. Be2 Nc6 10. O-O cxd4 11. Nxd4 Ne5 12. f4 Neg4 13. Qd2 Bb4 14.
Nc6 Ne4 15. Qd3 Qh4 16. Bxg4 Bxc3 17. Bxc3 Bxg4 18. Bb2 Rfe8 19. Qxd5 Be2 20. Ne5 Qh5 21. Qxe4 Bxf1 22. Rxf1 Rad8 23. Qc4 Rd2 24. Bc3 Rxa2 25. b4 Rc2 26. Qd3 Re2 27. Qd7 Rf8 28. Bd4 h6 29. Qxa7 f6 30. Nd3 Qd5 31. Nf2 b5 32. Qc5 Qf7 33.
Qxb5 Rc2 34. Qd3 Rfc8 35. b5 R2c7 36. b6 Rd7 37. Ne4 Re8 38. Nc5 Rdd8 39. b7 Re7 40.
Qb5 Rb8 41. Ra1 Rexb7 42. Nxb7 Rxb7 43. Qd3 Rd7 44. Ra8+ Qf8 45. Qc4+ Kh8 46. Rxf8+ 1-0

[Event "Early-Titled-Tuesday-Blitz-March-05-2024"]
[Site "Chess.com"]
[Date "2024.03.05"]
[Round "6"]
[White "Sebastian"]
[Black "RantomOpening"]
[Result "1-0"]
[WhiteElo "2914"]
[BlackElo "2580"]
[TimeControl "180+1"]
[EndTime "9:09:39 PST"]
[Termination "Sebastian won by resignation"]

1. e4 c5 2. Nf3 e6 3. d4 cxd4 4.
Nxd4 Nf6 5. Nc3 Nc6 6. Ndb5 Bc5 7.
Bf4 O-O 8. Bc7 Qe7 9. Bd6 Bxd6 10. Qxd6 Qd8 11. O-O-O a6 12. Nd4 Ne7 13. f3 b5 14. a3 Bb7 15. h4 Ne8 16. Qh2 d5 17. h5 h6 18. e5 Nc6 19. Nce2 Qc7 20. Nxc6 Bxc6 21. Nd4 Rb8 22. f4 Bd7 23. g4 b4 24. Qg3 bxa3 25. Qxa3 f6 26. Qe3 Qa5 27. Bd3 Qa1+ 28. Kd2 Qa5+ 29. Ke2 Rxb2 30. g5 f5 31. gxh6 gxh6 32. Rhg1+ Kf7 33. Qg3 Rh8 34. Qh4 Qc3 35. Rg6 Qxd4 36. Rf6+ Nxf6 37. Qxf6+ Ke8 38. Qxh8+ Ke7 39.
Qf6+ Ke8 40. Kf3 Rb8 41. Qh8+ Ke7 42. Qxb8 Bb5 43. Qd6+ Kf7 44. Qc7+ Ke8 45. Bxb5+ axb5 46. Rxd4 1-0

[Event "Early-Titled-Tuesday-Blitz-March-05-2024"]
[Site "Chess.com"]
[Date "2024.03.05"]
[Round "6"]
[White "LeninGuerra"]
[Black "RianKapriaga"]
[Result "1-0"]
[WhiteElo "2604"]
[BlackElo "2293"]
[TimeControl "180+1"]
[EndTime "9:09:39 PST"]
[Termination "LeninGuerra won on time"]

1. e4 e5 2. Nf3 Nc6 3. Bb5 Nge7 4. c3 a6 5. Ba4 g6 6. O-O Bg7 7. Qe2 O-O 8. Bb3 d6 9. Rd1 Na5 10. Bc2 c5 11. d4 exd4 12. cxd4 Qc7 13. Nc3 b5 14.
Bf4 cxd4 15. Nxd4 Nc4 16. Bb3 Qb6 17. Nf3 Be6 18. Bxc4 Bxc4 19. Qe3 Qxe3 20. Bxe3 Rfd8 21. Rac1 d5 22. e5 b4 23. Na4 Be2 24. Rd2 Bxf3 25. gxf3 Bxe5 26. f4 Bf6 27. Bb6 Rdc8 28. Re1 Rc4 29. Bc5 Nf5 30. Nb6 Rxc5 31. Nxa8 Nh4 32.
Rd3 Rc2 33. Nb6 d4 34. Na4 Kg7 35. Red1 h5 36. Kf1 Kg8 37. R3d2 Rc6 38. Rd3 a5 39. b3 Nf5 40. Nb2 Kg7 41. Nc4 Rc5 42. Re1 Nh4 43. Re8 Nf5 44. Ra8 1-0

[Event "Early-Titled-Tuesday-Blitz-March-05-2024"]
[Site "Chess.com"]
[Date "2024.03.05"]
[Round "6"]
[White "Pingah9"]
[Black "DarZay"]
[Result "1-0"]
[WhiteElo "2596"]
[BlackElo "2343"]
[TimeControl "180+1"]
[EndTime "9:09:40 PST"]
[Termination "Pingah9 won on time"]

1. e4 c5 2. Nc3 Nc6 3. g3 g6 4. Bg2 Bg7 5. d3 e5 6. Be3 d6 7. Qd2 f5 8. Nge2 Nf6 9. O-O O-O 10. Nd5 Nxd5 11. exd5 Nd4 12. Nc1 Qf6 13. c3 Nb5 14. Ne2 b6 15. Bg5 Qf7 16. Rae1 Bb7 17. a4 Nc7 18. c4 Ne8 19. Bh6 Nf6 20. Bxg7 Qxg7 21. b4 Rae8 22. a5 e4 23. Nf4 Bc8 24. axb6 axb6 25.
bxc5 bxc5 26. dxe4 Nxe4 27. Bxe4 fxe4 28. Rb1 g5 29. Ne6 Bxe6 30. dxe6 Rxe6 31. Rb6 Qe5 32. Rd1 Rff6 33. Qe2 Kg7 34. Kg2 Kg6 35. Rd5 Qc3 36.
h4 e3 37. Rxg5+ Kf7 38. Qh5+ Ke7 39. Rg7+ Kf8 40. Qxh7 Rxf2+ 41. Kh3 Qxg7 42. Rb8+ 1-0

[Event "Early-Titled-Tuesday-Blitz-March-05-2024"]
[Site "Chess.com"]
[Date "2024.03.05"]
[Round "6"]
[White "M1711"]
[Black "GreenPeach24"]
[Result "0-1"]
[WhiteElo "2579"]
[BlackElo "2481"]
[TimeControl "180+1"]
[EndTime "9:09:41 PST"]
[Termination "GreenPeach24 won on time"]

1. e4 c6 2. d4 d5 3. Nc3 dxe4 4.
Nxe4 Nf6 5. Nxf6+ exf6 6. Bd3 Bd6 7. Qh5 Nd7 8. Ne2 Nf8 9. O-O Ng6 10. f4 Qc7 11. f5 Ne7 12. Bf4 Bd7 13. Rae1 O-O 14.
Rf3 g6 15. fxg6 fxg6 16. Bxd6 Qxd6 17. Qh4 Nf5 18. Qf2 Rae8 19. c3 Kg7 20. Bxf5 Bxf5 21.
Ng3 Bg4 22. Rfe3 Rxe3 23. Qxe3 Bd7 24. Qe7+ Qxe7 25. Rxe7+ Rf7 26. Rxf7+ Kxf7 27. Kf2 Be6 28. a3 Bd5 29. Ne2 g5 30. g3 h5 31. Ke3 Ke6 32. Nc1 b6 33. b3 b5 34. Nd3 Kf5 35. Nc5 Kg4 36. Kf2 Kh3 37. Kg1 f5 38. Nd3 Kg4 39.
Ne5+ Kh3 40. Nd3 Kg4 41. c4 bxc4 42. bxc4 Be4 43. Ne5+ Kh3 44. Nf7 Kg4 45. Ne5+ Kh3 46. Nf7 Kg4 47. Kf2 f4 48. Ne5+ Kf5 49. gxf4 Kxf4 50.
Nf7 g4 51. Nd6 Bf3 52. Nc8 a5 0-1

[Event "Early-Titled-Tuesday-Blitz-March-05-2024"]
[Site "Chess.com"]
[Date "2024.03.05"]
[Round "6"]
[White "Qvalda"]
[Black "Kotlyar_K"]
[Result "0-1"]
[WhiteElo "2425"]
[BlackElo "2591"]
[TimeControl "180+1"]
[EndTime "9:09:41 PST"]
[Termination "Kotlyar_K won on time"]

1. d4 Nf6 2. c4 e6 3. Bf4 c5 4. d5 exd5 5. cxd5 d6 6. Nc3 g6 7. Nf3 a6 8. a4 Bg7 9. h3 O-O 10. e3 Re8 11. Be2 Ne4 12. Nxe4 Rxe4 13. Nd2 Rb4 14. Nc4 Bf8 15. O-O Qc7 16. e4 Nd7 17.
Ra3 Nb6 18. Qc2 Bd7 19. b3 Nxc4 20. Bxc4 Re8 21. Bd2 Qb6 22. a5 Qc7 23. Bxb4 cxb4 24. Ra2 Bg7 25. Qd3 f5 26. Re2 f4 27. Ra2 Rf8 28. Qf3 Qc5 29. Bd3 Qd4 30. Rc1 Qe5 31. Rc7 Bc8 32. Rac2 Qa1+ 33. Kh2 Bg4 34. Qxg4 f3 35.
Rxg7+ Qxg7 36. gxf3 Qe5+ 37. Qg3 Qd4 38. Bc4 Qf6 39.
Re2 Re8 40. Kg2 g5 41. Qg4 Kh8 42. Qf5 Qg7 43. e5 Rf8 44. Qe4 Rf4 45. Qe3 h5 46.
exd6 Rf7 0-1

[Event "Early-Titled-Tuesday-Blitz-March-05-2024"]
[Site "Chess.com"]
[Date "2024.03.05"]
[Round "6"]
[White "Ducke13"]
[Black "Practical-Play"]
[Result "0-1"]
[WhiteElo "2352"]
[BlackElo "2525"]
[TimeControl "180+1"]
[EndTime "9:09:41 PST"]
[Termination "Practical-Play won by checkmate"]

1. Nf3 g6 2. c4 Bg7 3. Nc3 Nf6 4.
d4 d5 5. h4 h6 6. cxd5 Nxd5 7.
e4 Nxc3 8. bxc3 c5 9. Bb5+ Bd7 10. Bxd7+ Nxd7 11. O-O O-O 12. Rb1 Qc7 13. Be3 Nf6 14.
Qd3 Qc6 15. d5 Qa4 16. e5 Ng4 17. Rxb7 Nxe5 18. Nxe5 Bxe5 19. Rxe7 Bd6 20. Rb7 Qxh4 21. f4 Rae8 22. Rf3 Qe1+ 23. Kh2 Rxe3 24. Qxe3 Qxe3 25. Rxe3 Bxf4+ 26. Rg3 h5 27. Kh3 Bxg3 28. Kxg3 c4 29. d6 Re8 30. Kf3 Kf8 31. Rxa7 Rd8 32. d7 Ke7 33. a4 Rxd7 34. Rxd7+ Kxd7 35. Ke4 Kc6 36. Kd4 g5 37. Ke5 h4 38. Kf5 f6 39. Kg4 Kb6 40. Kf5 Ka5 41. Kxf6 g4 42. Kg5 h3 43. gxh3 gxh3 44. Kf4 h2 45. Ke4 h1=Q+ 46. Kd4 Qf1 47.
Kc5 Kxa4 48. Kb6 Kb3 49. Kb5 Kxc3 50. Kc5 Qf5+ 51. Kb6 Kd4 52. Ka6 c3 53. Kb6 c2 54.
Kc7 c1=Q+ 55. Kd8 Qcc8+ 56. Ke7 Qcd7# 0-1

[Event "Early-Titled-Tuesday-Blitz-March-05-2024"]
[Site "Chess.com"]
[Date "2024.03.05"]
[Round "6"]
[White "ninguno46"]
[Black "cristiano78"]
[Result "1/2-1/2"]
[WhiteElo "2529"]
[BlackElo "2278"]
[TimeControl "180+1"]
[EndTime "9:09:44 PST"]
[Termination "Game drawn by stalemate"]

1. e4 c5 2. Nc3 d6 3. f4 a6 4. Nf3 Bg4 5. h3 Bxf3 6. Qxf3 Nc6 7. g3 Nd4 8. Qd1 g6 9. Bg2 Bg7 10. O-O Rb8 11. Nd5 e6 12. Ne3 Ne7 13. d3 O-O 14.
Rb1 b5 15. a3 b4 16. axb4 cxb4 17. b3 Nb5 18. Bd2 Qb6 19. Kh2 Nc3 20. Bxc3 Qxe3 21.
Bxg7 Kxg7 22. Ra1 Ra8 23. Qg4 f5 24. Qd1 Ra7 25. Re1 Qd4 26. exf5 Nxf5 27. Rxe6 h5 28. h4 Nh6 29. Bf3 Qf2+ 30. Kh3 Nf5 31. Qg1 Qxf3 32.
Qxa7+ Kh6 33. Qg1 Qg4+ 34. Kh2 Nxh4 35. Re3 Nf3+ 36. Rxf3 Qxf3 37. Rf1 Qg4 38. Qg2 Re8 39. Qf3 Re2+ 40. Kg1 Qxf3 41. Rxf3 Rxc2 42. f5 gxf5 43. Rxf5 Rc3 44. Rd5 Rxb3 45. Rxd6+ Kg5 46. Rd5+ Kg4 47.
Kf2 Rb2+ 48. Ke3 b3 49. Ra5 Rb1 50. Rxa6 Kxg3 51. Rg6+ Kh3 52. Kd2 h4 53. Kc3 Kh2 54. d4 h3 55. d5 Rd1 56. d6 Kh1 57. Kxb3 h2 58. Kc4 Rc1+ 59. Kd5 Rd1+ 60. Ke6 Rxd6+ 61.
Kxd6 1/2-1/2